 Dungeon Crawl Stone Soup version 0.22-b1-26-g9dbaab1 (webtiles) character file.

232 dvd the Cudgeler (level 5, -2/53 HPs)
             Began as a Troll Berserker on Aug 6, 2018.
             Was a Believer of Trog.
             Slain by a gnoll (4 damage)
             ... on level 3 of the Dungeon.
             The game lasted 00:05:30 (1682 turns).

dvd the Cudgeler (Troll Berserker)                  Turns: 1682, Time: 00:05:30

Health: -2/53      AC:  5    Str: 25    XL:     5   Next: 73%
Magic:  4/4        EV:  6    Int:  3    God:    Trog [**....]
Gold:   41         SH: 14    Dex: 10    Spells: 4/4 levels left

rFire    . . .     SeeInvis .   a - +0 mace
rCold    . . .     Gourm    +   h - +0 large shield
rNeg     . . .     Faith    .   b - +0 animal skin
rPois    .         Spirit   .   (helmet restricted)
rElec    .         Reflect  .   (no cloak)
rCorr    .         Harm     .   (gloves unavailable)
MR       ++...                  (boots unavailable)
Stlth    +.........             (no amulet)
HPRegen  1.57/turn              (no ring)
MPRegen  0.09/turn              (no ring)

@: berserk cooldown, regenerating, slowed, very slow
A: large, unfitting armour, claws 3, fast metabolism 3, gourmand, regeneration
1, shaggy fur 1, tough skin 2
a: Berserk, Trog's Hand, Renounce Religion


You were on level 3 of the Dungeon.
You worshipped Trog.
Trog was pleased with you.
You were very full.

You visited 1 branch of the dungeon, and saw 3 of its levels.

You collected 41 gold pieces.

Inventory:

Hand Weapons
 a - a +0 mace (weapon)
Armour
 b - a +0 animal skin (worn)
 h - a +0 large shield (worn)
Scrolls
 d - a scroll of remove curse
 g - 9 scrolls of identify
 m - a scroll of teleportation {unknown}
Potions
 e - a potion of brilliance {unknown}
 i - a potion of resistance {unknown}
 k - 2 potions of mutation
Comestibles
 c - 5 rations
 f - 15 chunks of flesh


   Skills:
 + Level 3.1 Fighting
 + Level 3.9 Maces & Flails
 + Level 3.2 Dodging
 + Level 0.1 Stealth
 + Level 2.3 Shields


You had 4 spell levels left.
You didn't know any spells.
Your spell library was empty.

Dungeon Overview and Level Annotations

Branches:
Dungeon (3/15)

Altars:
The Shining One


Innate Abilities, Weirdness & Mutations

You are too large for most types of armour.
You have claws for hands.
Your metabolism is lightning-fast.
You like to eat raw meat.
Your natural rate of healing is unusually fast.
You are covered in fur. (AC +1)
You have very tough skin. (AC +2)


Message History

You hit the gnoll.
The gnoll is severely wounded.
The gnoll hits you with a spear.
The gnoll throws a throwing net.
The throwing net hits you.
You become entangled in the net!
Unknown command.
You struggle against the net.
The gnoll hits you with a spear!
You struggle against the net.
The gnoll hits you with a spear!
* * * LOW HITPOINT WARNING * * *
The gnoll hits you!
* * * LOW HITPOINT WARNING * * *
The gnoll hits you with a spear.
* * * LOW HITPOINT WARNING * * *
The gnoll completely misses you.
You struggle against the net.
The gnoll hits you but does no damage. The gnoll hits you.
* * * LOW HITPOINT WARNING * * *
You rip the net and break free!
The gnoll hits you with a spear.
* * * LOW HITPOINT WARNING * * *
The gnoll closely misses you. You block the gnoll's attack. The gnoll hits you.
You die...

# #...# #))# #
#รท..# #.[##
####...####
##..#
..........#
#..#
..........#
##h#
..........#
#S#
..........#
#h#
..........#
#####g#
..........#
#...@g#
..........#
#.#####
..........#
#.#
...)...####
#.# #####).#
#.#
#####'######.#
#...)[.......#
#............#
#............#


You could see 2 gnolls, an adder and 2 jackals.

Vanquished Creatures
  A phantom (D:2)
  An orc priest (D:3)
  2 gnolls (D:3)
  3 adders
  6 worms
  6 orcs (D:3)
  2 ball pythons
  4 bats
  2 giant cockroaches (D:1)
  2 goblins
  6 hobgoblins
  3 jackals
  A quokka (D:2)
  4 kobolds
  7 rats
50 creatures vanquished.

Notes
Turn   | Place    | Note
-------+----------+-------------------------------------------
     0 | D:1      | dvd the Troll Berserker began the quest for the Orb.
     0 | D:1      | Reached XP level 1. HP: 22/22 MP: 0/0
   114 | D:1      | Reached XP level 2. HP: 27/29 MP: 1/1
   704 | D:2      | Reached XP level 3. HP: 20/36 MP: 2/2
   760 | D:2      | Noticed a phantom
   973 | D:2      | Killed a phantom
   973 | D:2      | Reached skill level 1 in Shields
   973 | D:2      | Reached XP level 4. HP: 17/45 MP: 3/3
  1039 | D:2      | Reached ** piety under Trog
  1073 | D:2      | Reached XP level 5. HP: 53/53 MP: 4/4
  1393 | D:2      | Found a glowing golden altar of the Shining One.
  1680 | D:3      | HP: 1/53 [gnoll/spear (5)]
  1682 | D:3      | Slain by a gnoll

Skill      XL: |  1  2  3  4  5 |
---------------+----------------+-----
Maces & Flails | 3 |  3.9
Fighting       | 3 |  3.1
Dodging        | 3 |  3.2
Shields        | 1 2 |  2.3
Stealth        | |  0.1

Action                   |  1- 3 |  4- 6 || total
-------------------------+-------+-------++-------
Melee: Mace              |   127 |   100 ||   227
Throw: Tomahawk          |       |     4 ||     4
Invok: Berserk           |     2 |     1 ||     3
       Trog's Hand       |       |     1 ||     1
  Use: Potion            |     2 |       ||     2
       Scroll            |       |     3 ||     3
  Eat: Chunk             |    15 |     8 ||    23
Armor: Animal skin       |    32 |    32 ||    64
Dodge: Dodged            |    22 |    32 ||    54
Block: Large shield      |    87 |   105 ||   192
